 Dungeon Crawl Stone Soup version 0.29-a0-111-gbaf749a769 (webtiles) character file.

Game seed: 11460214706560164443

277210 drugrobin the Impaler (level 19, -6/177 HPs)
             Began as a Demigod Warper on Feb 17, 2022.
             Shot with a bolt by a yaktaur (11 damage)
             ... led by a vault warden
             ... on level 4 of the Vaults.
             The game lasted 04:57:04 (66644 turns).

drugrobin the Impaler (Demigod Warper)             Turns: 66644, Time: 04:57:05

Health: -6/177     AC: 24    Str: 20    XL:     19   Next: 21%
Magic:  31/31      EV: 18    Int: 23    God:
Gold:   1072       SH:  0    Dex: 23    Spells: 8/28 levels left

rFire   . . .      SeeInvis +   a - +2 lajatang (spect)
rCold   + + .      Faith    .   (shield currently unavailable)
rNeg    . . .      Spirit   .   m - +0 ice dragon scales
rPois   .          Reflect  .   w - +2 helmet {SInv}
rElec   .          Harm     .   B - +0 cloak
rCorr   .          Rampage  .   f - +0 pair of gloves of Hepliaklqana's Outrage {Fly Will+ Dex+2}
Will    ++...                   u - +1 pair of boots
Stlth   ..........              n - amulet of regeneration
HPRegen 1.19/turn               y - ring of protection from fire
MPRegen 0.22/turn               T - +4 ring of protection

@: flying, studying Slings
A: high MP 1, forlorn, divine attributes
}: 1/15 runes: barnacled
a: no special abilities


You were on level 4 of the Vaults.
You visited 7 branches of the dungeon, and saw 32 of its levels.
You visited 1 bazaar.
You also visited: Ice Cave.

You collected 3656 gold pieces.
You spent 2584 gold pieces at shops.

Inventory:

Hand Weapons
 a - a +2 spectral lajatang (weapon)
 b - the +2 shortbow of Cacoqukk {venom, rElec rF- rC+ Int+4}
   (You found it on level 8 of the Dungeon)

   Any ammunition fired from it poisons the flesh of those it strikes.
   Int:       It affects your intelligence (+4).
   rF:        It makes you vulnerable to fire.
   rC:        It protects you from cold.
   rElec:     It insulates you from electricity.
 c - a +4 demon trident of venom
 d - the +6 glaive "Ciocw" {speed, *Rage Str+5 Dex+3 Stlth+}
   (You found it on level 1 of the Orcish Mines)

   Attacks with this weapon are significantly faster.
   Str:       It affects your strength (+5).
   Dex:       It affects your dexterity (+3).
   *Rage:     It berserks you when you make melee attacks (+20% chance).
   Stlth:     It makes you more stealthy.
 Y - a +1 bardiche
Missiles
 j - 589 arrows
 v - 8 curare-tipped darts
 z - 8 throwing nets
 O - 19 javelins (quivered)
Armour
 f - the +0 pair of gloves of Hepliaklqana's Outrage (worn) {Fly Will+ Dex+2}
   (You acquired it on level 2 of the Orcish Mines)

   Dex:       It affects your dexterity (+2).
   Fly:       It grants you flight.
   Will:      It increases your willpower.
 h - +0 acid dragon scales
 m - +0 ice dragon scales (worn)
 u - a +1 pair of boots (worn)
 w - a +2 helmet of see invisible (worn)
 B - a +0 cloak (worn)
 E - a +0 troll leather armour
Jewellery
 n - an amulet of regeneration (around neck)
 y - a ring of protection from fire (left hand)
 G - a +4 ring of evasion
 K - the ring of Paranoia {rPois rC+ Str+5 Int-2}
   (You found it in an ice cave)

   [ring of protection from cold]

   Str:       It affects your strength (+5).
   Int:       It affects your intelligence (-2).
   rC:        It protects you from cold.
   rPois:     It protects you from poison.
 N - an amulet of guardian spirit
 T - a +4 ring of protection (right hand)
Wands
 s - a wand of digging (15)
 A - a wand of iceblast (26)
 J - a wand of acid (5)
 Q - a wand of paralysis (9)
 U - a wand of mindburst (15)
Scrolls
 k - 26 scrolls of teleportation
 o - 4 scrolls of enchant weapon
 t - 4 scrolls of magic mapping
 x - 2 scrolls of silence
 C - a scroll of summoning
 D - 3 scrolls of vulnerability
 F - 4 scrolls of enchant armour
 M - 3 scrolls of fog
 V - 7 scrolls of blinking
 W - a scroll of acquirement
 Z - 6 scrolls of fear
Potions
 e - a potion of might
 g - 4 potions of lignification
 i - 6 potions of resistance
 l - 7 potions of haste
 p - 2 potions of invisibility
 q - 4 potions of curing
 r - 3 potions of heal wounds
 H - a potion of berserk rage
 P - a potion of brilliance
 R - a potion of cancellation
 X - 2 potions of ambrosia
Miscellaneous
 I - a condenser vane
 L - a tin of tremorstones (2/2)
 S - a box of beasts


   Skills:
 + Level 17.3 Fighting
 + Level 19.8 Polearms
 - Level 0.8 Throwing
 + Level 7.5 Armour
 - Level 11.9 Dodging
 - Level 5.0 Spellcasting
 - Level 6.0 Summonings
 + Level 13.3 Translocations


You had 8 spell levels left.
You knew the following spells:

 Your Spells              Type           Power      Damage    Failure   Level
a - Blink                 Tloc           100%       N/A       1%          2
b - Teleport Other        Tloc           61%        N/A       1%          3
c - Gell's Gravitas       Tloc           61%        N/A       1%          3
d - Summon Small Mammal   Summ           100%       N/A       2%          1
e - Summon Forest         Summ/Tloc      25%        N/A       16%         5
f - Manifold Assault      Tloc           61%        N/A       3%          5
q - Apportation           Tloc           100%       N/A       1%          1

Your spell library contained the following spells:

 Spells                   Type           Power      Damage    Failure   Level
 Lesser Beckoning         Tloc           61%        N/A       1%          3
 Animate Skeleton         Necr           10%        N/A       28%         1
 Foxfire                  Conj/Fire      20%        2x1d5     28%         1
 Freeze                   Ice            20%        1d4       28%         1
 Pain                     Necr           20%        1d5       28%         1
 Sandblast                Erth           10%        2d5       28%         1
 Sting                    Tmut/Pois      20%        1d4       28%         1
 Passwall                 Tmut/Erth      4%         N/A       41%         2
 Static Discharge         Conj/Air       5%         N/A       41%         2
 Summon Lightning Spire   Summ/Air       19%        N/A       63%         4
 Conjure Flame            Conj/Fire      5%         6-21      65%         3
 Frozen Ramparts          Ice            10%        1d3       65%         3
 Ignite Poison            Fire/Tmut/Pois 5%         N/A       65%         3
 Inner Flame              Hex/Fire       5%         N/A       65%         3
 Ozocubu's Armour         Ice            5%         N/A       65%         3
 Stone Arrow              Conj/Erth      10%        3d7       65%         3
 Summon Mana Viper        Hex/Summ       19%        N/A       93%         5
 Animate Dead             Necr           2%         N/A       96%         4
 Dispel Undead            Necr           5%         3d7       96%         4
 Flame Wave               Conj/Fire      5%         2d5       96%         4
 Hailstorm                Conj/Ice       5%         3d4       96%         4
 Ice Form                 Ice/Tmut       5%         N/A       96%         4
 Sticky Flame             Conj/Fire      5%         2d3       96%         4
 Summon Cactus Giant      Summ           16%        N/A       98%         6
 Agony                    Necr           5%         N/A       100%        5
 Alistair's Intoxication  Tmut/Pois      3%         N/A       100%        5
 Excruciating Wounds      Necr           2%         N/A       100%        5
 Iskenderun's Battlesphe  Conj           5%         2d6       100%        5
 Metabolic Englaciation   Hex/Ice        2%         N/A       100%        5
 Iron Shot                Conj/Erth      2%         9d2       100%        6
 Simulacrum               Ice/Necr       2%         N/A       100%        6
 Haunt                    Necr/Summ      9%         N/A       100%        7
 Spellforged Servitor     Conj/Summ      9%         N/A       100%        7
 Storm Form               Tmut/Air       2%         N/A       100%        7
 Infestation              Necr           2%         N/A       100%        8
 Maxwell's Capacitive Co  Air            2%         ∞         100%        8


Dungeon Overview and Level Annotations

Branches:
Dungeon (14/15)            Temple (0/1) D:4            Lair (6/6) D:9
 Shoals (4/4) Lair:2       Spider (1/4) Lair:4        Slime (0/5) Lair:5
    Orc (2/2) D:10            Elf (1/3) Orc:2        Vaults (4/5) D:14
  Crypt (0/3) Vaults:2      IceCv (visited)

Shops:
Orc:1 ?[   Orc:2 ?*![   Shoals:2 [??=   Vaults:2 :   Vaults:3 *

Annotations:
D:11 2 transporters, Ora Soeq's ghost, journeyman HOFi
Spider:1 Mlioglotl
Orc:1 3 runed translucent doors, Bygg's ghost, novice VSBr; Forrutt's ghost, journeyman HOFi; Gielil's ghost, journeyman MiBe; Sucvi's ghost, journeyman MiFi; Suxzy's ghost, adept DsAK


Innate Abilities, Weirdness & Mutations

You have an increased reservoir of magic. (+10% MP)
You shall have no god before yourself.
Your divine heritage dramatically boosts your attributes as you level up.


Message History

Unknown command.
Unknown command.
You slice the yaktaur!!
The yaktaur is heavily wounded.
Your +2 spectral lajatang barely misses the yaktaur.
The yaktaur hits your +2 spectral lajatang but does no damage.
Unknown command.
Unknown command.
Unknown command.
Unknown command.
You hit the yaktaur.
The yaktaur is heavily wounded.
Your +2 spectral lajatang hits the yaktaur!!
The yaktaur hits you but does no damage.
Unknown command.
Unknown command.
Unknown command.
You hit the yaktaur.
The yaktaur is almost dead.
Your +2 spectral lajatang hits the yaktaur!!
You kill the yaktaur!
The yaktaur shoots a bolt.
The bolt hits your +2 spectral lajatang!
Your spectral weapon shares its damage with you!
* * * LOW HITPOINT WARNING * * *
Unknown command.
Unknown command.
Unknown command.
The yaktaur shoots a bolt.
The bolt hits you!
* * * LOW HITPOINT WARNING * * *
There is an escape hatch in the ceiling here.
Unknown command.
Unknown command.
Unknown command.
Unknown command.
Unknown command.
The yaktaur wields a +0 arbalest.
The yaktaur shoots a bolt.
The bolt hits you!
* * * LOW HITPOINT WARNING * * *
The yaktaur shoots a bolt.
The bolt hits you!
You die...

..# +#...#'..#
#...#..<#
#...#...#
##+##++##
#.......#
#.......#
#.)...^.#
#.......#
#§@.....#
#.).....#
##§######
.......ccp.....
............c..
...............
...............
########+######


You could see 2 yaktaurs.

Vanquished Creatures
  A bone dragon (Vaults:2)
  A titan (Vaults:2)
  Polyphemus (Shoals:2)
  2 storm dragons
  13 vault wardens
  A frost giant (D:14)
  3 orc warlords
  An emperor scorpion (Lair:3)
  3 very ugly things
  7 ironbound preservers
  A war gargoyle (Vaults:1)
  4 ironbound thunderhulks
  A stone giant (Orc:1)
  Azrael (Lair:4)
  2 deep elf annihilators
  3 entropy weavers
  2 ettins (Orc:1)
  A deep elf high priest (Vaults:2)
  Josephine (D:14)
  8 merfolk javelineers
  7 yaktaur captains
  10 merfolk impalers
  Erolcha (D:10)
  A hydra (Lair:4)
  A great orb of eyes (Vaults:1)
  5 ogre magi
  Harold (Lair:2)
  4 vault guards
  7 ironbound frosthearts
  6 merfolk avatars
  12 centaur warriors
  A jorogumo (Spider:1)
  6 boulder beetles
  A peacekeeper (Vaults:1)
  Erica (D:10)
  6 merfolk aquamancers
  A catoblepas (Shoals:2)
  2 dancing weapons (D:14)
  3 satyrs
  A two-headed ogre (shapeshifter) (D:14)
  7 death yaks
  21 two-headed ogres
  Urug (Orc:1)
  2 orc high priests
  A deep elf knight (Vaults:2)
  Sonja (Lair:2)
  9 sea snakes
  22 deep trolls
  A glowing orange brain (Vaults:3)
  4 orb spiders
  12 ironbound convokers
  3 wizards
  A steelbarb worm (Spider:1)
  An orange crystal statue (Vaults:3)
  2 bog bodies (IceCv)
  A necromancer (Vaults:3)
  A phantasmal warrior (Vaults:3)
  8 orc knights
  A mana viper (shapeshifter) (Vaults:3)
  A deep elf zephyrmancer (Vaults:2)
  2 deep elf pyromancers
  22 cyclopes
  16 harpies
  11 ugly things
  22 lindwurms
  13 fauns
  2 orc sorcerers
  3 wolf spiders (Lair:4)
  10 manticores
  7 merfolk sirens
  5 elephants
  3 black mambas
  An ice statue (IceCv)
  16 vault sentinels
  17 water nymphs
  2 gargoyles
  A torpor snail (Lair:6)
  4 cane toads
  Psyche (D:10)
  5 rime drakes
  4 kobold demonologists
  4 komodo dragons
  A demonic crawler (Spider:1)
  3 anaconda simulacra (IceCv)
  29 yaktaurs
  An ice devil (IceCv)
  5 polar bears
  26 merfolk
  11 trolls
  A hornet (D:7)
  40 slime creatures
  4 tarantellas
  Prince Ribbit (D:8)
  6 blink frogs
  14 wind drakes
  17 dream sheep
  4 snapping turtles
  7 jumping spiders
  5 culicivoras
  6 air elementals (Shoals:4)
  4 centaur simulacra (D:12)
  A dire elephant simulacrum (IceCv)
  27 water elementals
  7 wraiths
  A shadow (D:11)
  6 wyverns
  4 humans (Shoals:2)
  3 basilisks
  5 fire elementals (Lair:4)
  32 yaks
  2 steam dragons
  11 redbacks
  2 death yak simulacra (IceCv)
  8 vampire mosquitoes
  8 wargs
  A harpy simulacrum (IceCv)
  3 acid dragons
  17 water moccasins
  A hell hound (Lair:4)
  18 orc warriors
  2 ice beasts (D:12)
  A swamp drake (Lair:6)
  3 black bears
  2 necrophages
  37 ogres
  22 wolves
  5 centaurs
  7 kobold brigands
  5 two-headed ogre simulacra (IceCv)
  9 bullfrogs
  2 cane toad simulacra (IceCv)
  2 gnoll sergeants
  4 scorpions
  A water moccasin skeleton (D:5)
  11 wights
  2 elephant simulacra (IceCv)
  3 howler monkeys
  3 electric eels
  A crimson imp (D:3)
  5 centaur zombies
  12 orc priests
  A centaur skeleton (D:7)
  Crazy Yiuf (D:4)
  4 hounds
  A jelly (Lair:5)
  An iguana (D:5)
  15 orc wizards
  A scorpion zombie (D:5)
  9 spriggan simulacra (IceCv)
  3 troll simulacra (IceCv)
  3 polar bear simulacra (IceCv)
  4 wolf simulacra (IceCv)
  7 gnolls
  4 adders
  8 naga simulacra (IceCv)
  A shadow imp (D:6)
  11 white imps
  7 ufetubi
  4 worms
  3 dart slugs
  49 orcs
  11 endoplasms
  2 giant cockroaches (D:1)
  3 goblins (D:1)
  7 hobgoblins
  3 quokkas
  5 ball pythons
  15 bats
  5 frilled lizards (D:1)
  16 kobolds
  3 rats
1093 creatures vanquished.

Vanquished Creatures (collateral kills)
  A wizard (Vaults:3)
  3 yaktaurs (Vaults:3)
  An orc warrior (D:8)
  An orc (D:11)
6 creatures vanquished.

Vanquished Creatures (others)
  A black mamba (Lair:4)
  2 jumping spiders
  2 orc warriors (D:8)
  19 fungi
  48 plants
72 creatures vanquished.

Grand Total: 1171 creatures vanquished

Notes
Turn   | Place    | Note
-------+----------+-------------------------------------------
     0 | D:1      | drugrobin the Demigod Warper began the quest for the Orb.
     0 | D:1      | Reached XP level 1. HP: 17/17 MP: 5/5
    69 | D:1      | Reached skill level 2 in Polearms
   501 | D:1      | Reached XP level 2. HP: 24/24 MP: 7/7
   504 | D:1      | Learned a level 2 spell: Blink
   811 | D:1      | Reached skill level 3 in Polearms
  1396 | D:1      | Reached XP level 3. HP: 26/29 MP: 8/8
  1436 | D:1      | Learned a level 3 spell: Teleport Other
  3125 | D:3      | Reached skill level 4 in Polearms
  3666 | D:2      | Reached XP level 4. HP: 36/36 MP: 6/9
  4214 | D:4      | Found a staircase to the Ecumenical Temple.
  4219 | D:4      | Noticed an ogre
  4600 | D:4      | Killed an ogre
  4601 | D:4      | Reached XP level 5. HP: 41/41 MP: 3/10
  4718 | D:4      | Reached skill level 5 in Polearms
  5585 | D:4      | Found a runed translucent door.
  5586 | D:4      | Noticed Crazy Yiuf
  5591 | D:4      | Killed Crazy Yiuf
  5854 | D:5      | Entered Level 5 of the Dungeon
  6261 | D:5      | Noticed an ogre
  6285 | D:5      | Killed an ogre
  6286 | D:5      | Reached XP level 6. HP: 27/48 MP: 5/11
  6290 | D:5      | Learned a level 3 spell: Gell's Gravitas
  7034 | D:5      | Reached skill level 6 in Polearms
  7159 | D:5      | Reached XP level 7. HP: 47/53 MP: 12/12
  7435 | D:6      | Learned a level 1 spell: Summon Small Mammal
  7539 | D:6      | Reached skill level 5 in Translocations
  8562 | D:6      | Got Sif Muna's Collected Works on Creative Necromancy
  8963 | D:7      | Reached skill level 7 in Polearms
  9185 | D:7      | Reached XP level 8. HP: 60/60 MP: 11/13
  9536 | D:6      | Reached skill level 8 in Polearms
 10253 | D:6      | Reached skill level 9 in Polearms
 11193 | D:7      | Reached skill level 10 in Polearms
 11389 | D:8      | Noticed a hornet
 11398 | D:7      | Killed a hornet
 11399 | D:7      | Reached XP level 9. HP: 61/67 MP: 11/14
 11422 | D:7      | Learned a level 1 spell: Apportation
 11514 | D:8      | Noticed an efreet
 11657 | D:8      | Noticed a centaur warrior
 11916 | D:9      | Reached skill level 11 in Polearms
 13685 | D:9      | Reached skill level 12 in Polearms
 14357 | D:8      | Reached XP level 10. HP: 69/80 MP: 15/15
 14513 | D:8      | Noticed Prince Ribbit
 14540 | D:8      | Killed Prince Ribbit
 14817 | D:8      | HP: 4/80 [centaur warrior (7)]
 14819 | D:8      | Killed a centaur warrior
 14820 | D:8      | Reached skill level 5 in Fighting
 15224 | D:8      | Noticed an orc knight
 15225 | D:8      | Identified the +2 shortbow of Cacoqukk {venom, rElec rF-
                  | rC+ Int+4}
 15390 | D:8      | Killed an orc knight
 15798 | D:8      | Noticed a tengu warrior
 17380 | D:9      | Found a staircase to the Lair.
 17578 | D:10     | Entered Level 10 of the Dungeon
 17741 | D:10     | Reached skill level 13 in Polearms
 17946 | D:10     | Noticed a soul eater
 18035 | D:10     | Noticed Erica
 18133 | Lair:1   | Entered Level 1 of the Lair of Beasts
 18473 | Lair:1   | Noticed a black mamba
 18567 | Lair:1   | Killed a black mamba
 19114 | Lair:2   | Reached XP level 11. HP: 92/92 MP: 17/17
 19332 | Lair:2   | Noticed Harold
 19360 | Lair:2   | Killed Harold
 19975 | Lair:2   | Found a staircase to the Shoals.
 19975 | Lair:2   | Noticed Sonja
 19981 | Lair:2   | Killed Sonja
 20195 | Lair:2   | Reached skill level 14 in Polearms
 21434 | Lair:3   | Identified the +11 great sword of the Leaping Seer {flame,
                  | rElec Int+4}
 22761 | Lair:4   | Reached skill level 10 in Fighting
 23274 | Lair:4   | Reached XP level 12. HP: 31/106 MP: 2/18
 23626 | Lair:4   | Reached skill level 15 in Polearms
 23961 | Lair:4   | Found a hole to the Spider Nest.
 25872 | Lair:5   | Found a staircase to the Slime Pits.
 25979 | Lair:5   | Noticed an eight-headed hydra
 26124 | Lair:4   | Killed an eight-headed hydra
 26928 | Lair:6   | Entered Level 6 of the Lair of Beasts
 27730 | Lair:6   | Reached skill level 16 in Polearms
 28590 | Shoals:1 | Entered Level 1 of the Shoals
 28828 | D:10     | Noticed Erolcha
 28942 | D:10     | Killed Erica
 29553 | D:11     | Reached XP level 13. HP: 92/119 MP: 17/19
 29715 | D:11     | Learned a level 5 spell: Summon Forest
 30289 | D:11     | Found a transporter.
 30329 | D:11     | Found a transporter.
 30329 | D:11     | Noticed Ora Soeq's ghost (journeyman HOFi)
 31208 | D:10     | Killed Erolcha
 31373 | D:10     | Noticed Psyche
 31380 | D:10     | Killed Psyche
 31457 | D:10     | Found a staircase to the Orcish Mines.
 31463 | Orc:1    | Entered Level 1 of the Orcish Mines
 31652 | Orc:1    | Found Dask's Antique Armour Emporium.
 31982 | Orc:1    | Paralysed by an orc sorcerer for 6 turns
 33557 | Orc:1    | Noticed a stone giant
 33598 | Orc:1    | Killed a stone giant
 33908 | Orc:1    | Reached skill level 17 in Polearms
 33910 | Orc:1    | Found the +9 heavy crossbow "Sniper" {vorpal, Acc+∞ SInv}
 33911 | Orc:1    | Identified the +6 glaive "Ciocw" {speed, *Rage Str+5 Dex+3
                  | Stlth+}
 33916 | Orc:1    | Found the +9 staff of Wucad Mu {*channel}
 33963 | Orc:1    | Identified the +4 scimitar of the Endless March {freeze,
                  | rN+ Dex+3}
 34016 | Orc:1    | Bought a smoking robe for 193 gold pieces
 34016 | Orc:1    | Identified the +0 robe "Oroggise" {Fly} (You bought it in a
                  | shop on level 1 of the Orcish Mines)
 34023 | Orc:2    | Entered Level 2 of the Orcish Mines
 34061 | Orc:2    | Found a frozen archway.
 34087 | IceCv    | Entered an ice cave
 34221 | IceCv    | Reached skill level 1 in Armour
 34861 | IceCv    | Identified the ring of Paranoia {rPois rC+ Str+5 Int-2}
 35281 | Orc:2    | Identified a scroll of acquirement
 35281 | Orc:2    | Acquired the +0 pair of gloves of Hepliaklqana's Outrage
                  | {Fly Will+ Dex+2}
 35449 | Orc:2    | Reached skill level 1 in Summonings
 35614 | Orc:2    | Reached XP level 14. HP: 122/129 MP: 18/20
 36171 | Orc:2    | Paralysed by something for 4 turns
 36490 | Orc:2    | Found a staircase to the Elven Halls.
 36501 | Orc:2    | Found Haprugio's Magic Scroll Boutique.
 36501 | Orc:2    | Found Wuylabi's Assorted Antiques.
 36502 | Orc:2    | Found Molyll's Distillery.
 36502 | Orc:2    | Found Poipt's Armour Shop.
 36509 | Orc:2    | Bought a scroll of teleportation for 54 gold pieces
 36509 | Orc:2    | Bought a scroll of fog for 36 gold pieces
 36509 | Orc:2    | Bought a scroll of magic mapping for 63 gold pieces
 36509 | Orc:2    | Bought a scroll of magic mapping for 63 gold pieces
 36509 | Orc:2    | Bought a scroll of fog for 36 gold pieces
 36512 | Orc:2    | Bought a potion of invisibility for 120 gold pieces
 36514 | Orc:2    | Bought a potion of heal wounds for 165 gold pieces
 36514 | Orc:2    | Bought a scroll labelled QOPPUW GYRHIP for 33 gold pieces
 36521 | Orc:2    | Bought a +1 pair of boots for 138 gold pieces
 36853 | Elf:1    | Entered Level 1 of the Elven Halls
 36869 | Orc:1    | Found Ymmuliu's Magic Scroll Boutique.
 36902 | Orc:1    | Bought a scroll of enchant weapon for 97 gold pieces
 36902 | Orc:1    | Bought a scroll of blinking for 97 gold pieces
 36902 | Orc:1    | Bought a scroll of enchant armour for 97 gold pieces
 36902 | Orc:1    | Bought a scroll of identify for 26 gold pieces
 36947 | Orc:1    | Found a runed translucent gate.
 36947 | Orc:1    | Found a runed translucent gate.
 36947 | Orc:1    | Found a runed translucent gate.
 36948 | Orc:1    | Noticed Forrutt's ghost (journeyman HOFi)
 36949 | Orc:1    | Noticed Sucvi's ghost (journeyman MiFi)
 36951 | Orc:1    | Noticed Urug
 36951 | Orc:1    | Noticed Suxzy's ghost (adept DsAK)
 36952 | Orc:1    | Noticed Bygg's ghost (novice VSBr)
 36952 | Orc:1    | Noticed Gielil's ghost (journeyman MiBe)
 36964 | Orc:1    | Killed Urug
 37841 | Shoals:1 | Reached skill level 5 in Dodging
 38217 | Shoals:1 | Reached skill level 5 in Spellcasting
 38223 | Shoals:1 | Learned a level 5 spell: Manifold Assault
 38440 | Shoals:2 | Found Posed's Armour Boutique.
 38481 | Shoals:2 | Noticed Polyphemus
 38542 | Shoals:2 | Found Cukil's Jewellery Shop.
 38671 | Shoals:2 | Killed Polyphemus
 38711 | Shoals:2 | Found Orghit's Magic Scroll Emporium.
 38801 | Shoals:2 | Found a flickering gateway to a bazaar.
 38810 | Bazaar   | Entered a bazaar
 38824 | Bazaar   | Found Tulet's Jewellery Shoppe.
 38824 | Bazaar   | Found Otokkuir's Antique Weapon Emporium.
 38846 | Bazaar   | Found Towuokh's Magic Scroll Shoppe.
 38846 | Bazaar   | Found Seaphi's Antique Armour Emporium.
 38856 | Bazaar   | Bought a scroll of enchant weapon for 75 gold pieces
 38856 | Bazaar   | Bought a scroll of blinking for 75 gold pieces
 38856 | Bazaar   | Bought a scroll of teleportation for 30 gold pieces
 38856 | Bazaar   | Bought a scroll of magic mapping for 35 gold pieces
 38867 | Bazaar   | Found Ewa Haok's Armour Shoppe.
 38867 | Bazaar   | Found Badux's Weapon Emporium.
 38877 | Bazaar   | Bought a +0 helmet of see invisible for 126 gold pieces
 38954 | Bazaar   | Bought a bloodstained quarterstaff for 180 gold pieces
 38954 | Bazaar   | Identified the +10 quarterstaff of the Maze {elec, +Blink
                  | rN+ Str-5 SInv} (You bought it in a shop in a bazaar)
 38960 | Bazaar   | Bought a ring of protection from fire for 275 gold pieces
 39601 | Shoals:2 | Reached XP level 15. HP: 120/137 MP: 21/26
 40018 | Shoals:2 | Found Tociomp's Magic Scroll Shop.
 40046 | Shoals:2 | Bought a scroll of teleportation for 48 gold pieces
 40046 | Shoals:2 | Bought a scroll of teleportation for 48 gold pieces
 40046 | Shoals:2 | Bought a scroll of teleportation for 48 gold pieces
 42201 | Shoals:2 | Bought a scroll of teleportation for 48 gold pieces
 42849 | Shoals:3 | Reached skill level 10 in Dodging
 43238 | Shoals:3 | Upgraded the game from 0.29-a0-106-g0a07039d5a to
                  | 0.29-a0-111-gbaf749a769
 43239 | Shoals:4 | Entered Level 4 of the Shoals
 43370 | Shoals:4 | Paralysed by an air elemental for 1 turns
 44010 | Shoals:4 | Identified the +0 helmet of Nemelex Xobeh {Int+4 Stlth+}
                  | (You found it on level 4 of the Shoals)
 44590 | Shoals:4 | Paralysed by an air elemental for 1 turns
 44870 | Shoals:4 | Reached skill level 15 in Fighting
 45008 | Shoals:4 | Paralysed by an air elemental for 1 turns
 45018 | Shoals:4 | Paralysed by an air elemental for 1 turns
 45021 | Shoals:4 | Paralysed by an air elemental for 1 turns
 45484 | Shoals:4 | Reached skill level 18 in Polearms
 45681 | Shoals:4 | Identified the +6 hand crossbow of Peol {penet, Stlth+}
 46153 | Shoals:4 | Paralysed by an air elemental for 1 turns
 46506 | Shoals:4 | Reached XP level 16. HP: 110/132 MP: 17/27
 46946 | Shoals:4 | Got a barnacled rune of Zot
 46960 | Shoals:4 | Paralysed by an air elemental for 1 turns
 46967 | Shoals:4 | Paralysed by an air elemental for 1 turns
 47446 | Spider:1 | Entered Level 1 of the Spider Nest
 47449 | Spider:1 | Noticed Azrael
 48272 | Lair:4   | Killed Azrael
 49203 | Spider:1 | Noticed Mlioglotl
 51409 | D:14     | Found a gate to the Vaults.
 51984 | D:13     | Identified the +8 dagger of Kanaomagg {drain, *Rage Will++}
 52711 | D:14     | Reached skill level 5 in Armour
 52711 | D:14     | Reached XP level 17. HP: 158/158 MP: 28/28
 53087 | D:14     | Got Paem's Grimoire of Transformation
 53151 | D:14     | Noticed Josephine
 53168 | D:14     | Killed Josephine
 53623 | Vaults:1 | Entered Level 1 of the Vaults
 55745 | Vaults:1 | Reached skill level 19 in Polearms
 56951 | Vaults:1 | Reached skill level 5 in Summonings
 56951 | Vaults:1 | Reached XP level 18. HP: 120/168 MP: 24/30
 59165 | Vaults:1 | Glimpsed the power of Zot.
 59932 | Vaults:2 | Noticed a bone dragon
 59960 | Vaults:2 | Killed a bone dragon
 60013 | Vaults:2 | Identified the +0 ring mail "Coarusti" {rPois Stlth+}
 60300 | Vaults:2 | Found a staircase to the Crypt.
 60908 | Vaults:2 | Reached skill level 10 in Translocations
 61523 | Vaults:2 | Found Rucra's Book Emporium.
 63111 | Vaults:3 | Identified the +0 leather armour "Yphoxtyo" {rC+ Slay+4}
 64851 | Vaults:3 | Reached XP level 19. HP: 177/177 MP: 31/31
 64888 | Vaults:3 | Found Uvvu's Assorted Antiques.
 64891 | Vaults:3 | Bought a scroll of teleportation for 108 gold pieces
 64891 | Vaults:3 | Bought a runed helmet for 270 gold pieces
 66644 | Vaults:4 | HP: 5/177 [yaktaur/bolt[a vault warden] (12)]
 66644 | Vaults:4 | Shot with a bolt by a yaktaur

Illustrated notes

Levels and vault maps discovered:
D:1:      amcnicky_arrival_gap_in_the_tavern_cellar, layout_rooms
D:2:      layout_basic, ebering_ecumenical_altar_mist, lemuel_old_faithful
D:3:      layout_rooms, mainiacjoe_overflow_tiny_flanked,
          chequers_temple_overflow_minitemple, minmay_misc_feat_rugged
D:4:      layout_rooms, grunt_temple_overflow_lords_of_destruction,
          temple_doors_ab, uniq_crazy_yiuf_cottage
D:5:      layout_gridville, minmay_increasing_density
D:6:      layout_loops_ring, nzn_overflow_gifts_of_might_and_magic,
          kennysheep_little_box, roderic_batcave
D:7:      layout_loops_corners, mainiacjoe_overflow_cross_hatched
D:8:      layout_rooms, minmay_the_grid_2x2 [minmay_the_grid_outer_diamond,
          minmay_the_grid_armoury, minmay_the_grid_odd_star,
          minmay_the_grid_prize_shrinking_boxes], uniq_prince_ribbit1
D:9:      layout_long_grid, erik_lair_island, kennysheep_windowed_goal
D:10:     layout_basic, nicolae_overflow_hidden_temple, orc_0_dummy,
          grunt_decor_resistance, uniq_psyche, uniq_erolcha, uniq_erica
D:11:     layout_basic, serial_co_window_serial, co_window_of_opportunity_a,
          co_window_corner_a, co_window_paths_a, co_window_paths_a,
          co_window_paths_a, co_window_broadway_b, co_window_of_opportunity_c,
          co_window_2corner, co_window_paths_c, co_window_paths_c,
          co_window_of_opportunity_c, co_window_unsneaky_path_c,
          co_window_paths_e, glass_columns_a, gammafunk_ghost_wrathful_warriors,
          yredelemnul_altar_generic
D:12:     layout_long_grid, serial_ice, serial_ice_a, serial_ice_h,
          serial_ice_m, serial_ice_g, serial_ice_d, serial_ice_i, serial_ice_n,
          serial_ice_f
D:13:     layout_stronghold, abandoned_shop, nzn_hepliaklqana_mist_gate
D:14:     layout_gridville, erik_vaults_1, moated_statue, minmay_radiant,
          uniq_josephine
Lair:1:   layout_regular_city, basic_altar, infiniplex_staircase_pool,
          grunt_megastairs_3, lemuel_fruit_fields
Lair:2:   layout_roguey, shoals_dummy_entry, beast_lair_carwin_2, uniq_sonja,
          uniq_harold
Lair:3:   layout_regular_city, minmay_shattered_shrine, serial_bayou_shore_b
Lair:4:   layout_cave_pods, nicolae_spider_entry_orb_guardian
Lair:5:   layout_loops_ring, nicolae_slime_entry_slimehenge, grunt_megastairs_1
Lair:6:   evil_forest, layout_hall_layers, special_room
          [special_room_mythical_zoo], guppyfry_lair_drakes, lemuel_fruit_tree
Shoals:1: layout_shoals
Shoals:2: layout_shoals, serial_shops, bzr_entry_customers,
          nicolae_take_the_stairs, nicolae_shop_hallway_stairs,
          nicolae_shop_stone, nicolae_stop_n_shop_2, nicolae_splish_splash,
          uniq_polyphemus
Shoals:3: layout_shoals
Shoals:4: shoals_end_hellmonk_storm_palace [storm_palace_center_ruins,
          storm_palace_corner_altar, storm_palace_corner_grid,
          storm_palace_corner_narrow, storm_palace_corner_blocked], serial_shops
Spider:1: nicolae_spider_hilbert_zone_4 [nicolae_spider_hilbert_4_sides_2_open,
          nicolae_spider_hilbert_4_sides_1_open,
          nicolae_spider_hilbert_4_sides_1_open,
          nicolae_spider_hilbert_4_sides_1_open,
          nicolae_spider_hilbert_4_sides_1_open,
          nicolae_spider_hilbert_2_sides_1_open,
          nicolae_spider_hilbert_2_sides_1_open,
          nicolae_spider_hilbert_2_sides_1_open,
          nicolae_spider_hilbert_2_sides_1_open,
          nicolae_spider_hilbert_6_sides_1_open,
          nicolae_spider_hilbert_6_sides_1_open,
          nicolae_spider_hilbert_3_sides_1_open,
          nicolae_spider_hilbert_3_sides_1_open], uniq_azrael, uniq_mlioglotl,
          uniq_nikola
Orc:1:    giant_chief_lemuel, layout_caves, gammafunk_ghost_cemetery,
          serial_shops, shop, nicolae_shop_stone, uniq_urug
Orc:2:    st_orc_ogre_mass, layout_caves, portal_ice_cave_entry_pillars_1,
          kennysheep_orc_sif_temple
Elf:1:    minmay_elf_arrival_circle, layout_loops_ring,
          kennysheep_underground_church, evilmike_ambush
          [evilmike_ambush_outer_basic, evilmike_ambush_inner_pond]
Vaults:1: hangedman_vaults_trim, nicolae_vaults_network_quincunx
          [nicolae_vaults_network_quincunx_subvault,
          nicolae_vaults_network_quincunx_subvault,
          nicolae_vaults_network_quincunx_subvault,
          nicolae_vaults_network_quincunx_subvault,
          nicolae_vaults_network_quincunx_subvault], v_misc_18,
          nicolae_vaults_little_ls, vaults_room_stairs_pillars,
          nicolae_vaults_diagonal_hallway_7, nicolae_vaults_border_crossing,
          hangedman_vaults_pinch, v_misc_18, ontoclasm_vaults_pinch,
          layout_vaults_omnigrid
Vaults:2: v_misc_11, nicolae_vaults_fighting_squares, hangedman_vaults_snaps,
          minmay_crypt_entry_nasty_monster,
          vaults_standard_mumra_enter_the_diamond,
          nicolae_vaults_little_squares_2, ontoclasm_vaults_loading_screen,
          vaults_room_fours, layout_vaults_chaotic_city, serial_shops,
          nicolae_shop_waterfront
Vaults:3: ontoclasm_vaults_ring_small, nicolae_vaults_twisting_passages,
          hangedman_vaults_slice, ontoclasm_vaults_eye, vaults_room_grid,
          nicolae_vaults_angled_halls, v_misc_19, nicolae_vaults_triangles,
          vaults_room_semicircle, nicolae_vaults_mini_display_case,
          nicolae_vaults_statue_guard, layout_vaults_omnibox, serial_shops,
          nicolae_shop_window_shopping
Vaults:4: nicolae_vaults_branching_niches, vaults_room_ringed_pool, v_misc_26,
          hangedman_vaults_restitches, hangedman_vaults_corner,
          nicolae_vaults_network_barrier, ontoclasm_vaults_hangar,
          hangedman_vaults_cutoff, v_pattern_2, vaults_room_hallway,
          nicolae_vaults_theta, ontoclasm_vaults_decontamination,
          vaults_dpeg_cross, layout_vaults_omnicross

Skill      XL: |  1  2  3  4  5  6  7  8  9 10 11 12 13 14 15 16 17 18 19 |
---------------+----------------------------------------------------------+-----
Polearms       | 2 3 4 5 6 7 10 12 13 14 16 17 18 19 | 19.8
Translocations | 3 4 6 8 9 13 | 13.3
Fighting       | 4 7 10 12 13 15 16 17 | 17.3
Armour         | 2 5 6 7 |  7.5
Summonings     | 1 3 5 6 |  6.0
Dodging        | 8 10 11 | 11.9
Spellcasting   | 5 |  5.0
Throwing       | |  0.8

Action                   |  1- 3 |  4- 6 |  7- 9 | 10-12 | 13-15 | 16-18 | 19-21 || total
-------------------------+-------+-------+-------+-------+-------+-------+-------++-------
Melee: Spear             |   226 |   190 |       |       |       |       |       ||   416
       Quarterstaff      |       |    18 |    74 |     4 |       |       |       ||    96
       Halberd           |       |     6 |   111 |       |       |       |       ||   117
       Punch             |       |     2 |       |       |     1 |     1 |       ||     4
       Lajatang          |       |       |   132 |   684 |  1143 |  1365 |   147 ||  3471
       Trident           |       |       |       |     3 |    27 |       |       ||    30
       War axe           |       |       |       |    26 |       |       |       ||    26
       Glaive            |       |       |       |       |   236 |   178 |     3 ||   417
       Demon trident     |       |       |       |       |    36 |    46 |       ||    82
       Shortbow          |       |       |       |       |     1 |       |       ||     1
 Fire: Shortbow          |       |       |    13 |   262 |   582 |    99 |       ||   956
Throw: Stone             |    43 |    35 |     3 |       |       |       |       ||    81
       Dart              |     2 |    13 |    33 |    31 |     6 |     9 |       ||    94
       Boomerang         |       |       |    56 |    24 |       |       |       ||    80
       Javelin           |       |       |     5 |       |     8 |     9 |       ||    22
       Throwing net      |       |       |       |     1 |       |     5 |       ||     6
 Cast: Blink             |     1 |     8 |    27 |    39 |    42 |    50 |     6 ||   173
       Teleport Other    |       |     1 |     4 |     3 |       |       |       ||     8
       Gell's Gravitas   |       |     3 |     8 |    18 |    19 |     2 |       ||    50
       Summon Small Mamm |       |       |     3 |     2 |     2 |       |       ||     7
       Apportation       |       |       |       |     7 |    10 |     9 |       ||    26
       Manifold Assault  |       |       |       |       |       |     2 |       ||     2
       Summon Forest     |       |       |       |       |       |     4 |     1 ||     5
Evoke: Wand              |     1 |    14 |    17 |    24 |     2 |       |       ||    58
       Piece from Xom's  |       |       |       |       |     1 |       |       ||     1
       Tin of tremorston |       |       |       |       |       |     1 |       ||     1
  Use: Scroll            |       |       |       |    13 |    18 |     4 |     1 ||    36
       Potion            |       |       |       |     2 |       |     2 |     1 ||     5
 Stab: Sleeping          |     2 |       |       |       |     1 |       |       ||     3
       Confused          |       |       |     2 |     1 |       |       |       ||     3
       Petrified         |       |       |       |       |     1 |       |       ||     1
       Distracted        |       |       |       |       |       |     9 |     3 ||    12
       Held in net/web   |       |       |       |       |       |     4 |       ||     4
Armor: Leather armour    |    44 |    52 |   104 |   247 |    17 |       |       ||   464
       Steam dragon scal |       |       |    14 |       |       |       |       ||    14
       Troll leather arm |       |       |       |       |   249 |    32 |       ||   281
       Ice dragon scales |       |       |       |       |    53 |   578 |    43 ||   674
       Acid dragon scale |       |       |       |       |       |     5 |       ||     5
Dodge: Dodged            |    74 |    71 |   322 |   621 |  1107 |  1404 |    83 ||  3682

Table legend: (Time is in decaauts)
 A = Elapsed time spent in this place.
 B = Non-inter-level travel time spent in this place.
 C = Inter-level travel time spent in this place.
 D = Time resting spent in this place.
 E = Time spent auto-exploring this place.
 F = Levels seen in this place.
 G = Mean time per level.
                   A        B        C        D        E       F      G
               +--------+--------+--------+--------+--------+-----+--------+
         Total |  66364 |  63129 |   3235 |  18316 |  23464 |  34 | 1951.9 |
       Dungeon |  26086 |  24424 |   1662 |   7644 |   9274 |  14 | 1863.3 |
          Lair |  11643 |  11180 |    463 |   3521 |   4988 |   6 | 1940.5 |
        Shoals |   9923 |   9500 |    423 |   2385 |   2964 |   4 | 2480.8 |
   Spider Nest |    862 |    862 |      0 |     34 |    464 |   1 |  862.0 |
  Orcish Mines |   4346 |   4185 |    161 |    499 |   2038 |   2 | 2173.0 |
   Elven Halls |      1 |      1 |      0 |      0 |      0 |   1 |    1.0 |
        Vaults |  12114 |  11590 |    524 |   4093 |   3477 |   4 | 3028.5 |
        Bazaar |    190 |    190 |      0 |      0 |     26 |   1 |  190.0 |
      Ice Cave |   1193 |   1193 |      0 |    138 |    232 |   1 | 1193.0 |
               +--------+--------+--------+--------+--------+-----+--------+

Top non-repeatable levels by time:
Vaults:1: 5893 daAuts
  Lair:4: 3797 daAuts
Shoals:4: 3647 daAuts
     D:7: 3079 daAuts
Vaults:2: 2734 daAuts
     D:8: 2669 daAuts
Vaults:3: 2648 daAuts
   Orc:1: 2636 daAuts
     D:9: 2485 daAuts
Shoals:2: 2469 daAuts
Shoals:3: 2399 daAuts
    D:14: 2341 daAuts
     D:2: 2111 daAuts
  Lair:3: 2024 daAuts
  Lair:2: 1988 daAuts
